 Dungeon Crawl Stone Soup version 0.20-a0-1114-g33edf32 (webtiles) character file.

362780 kuniqs the Blocker (level 22, -22/143 HPs)
             Began as a Gnoll Fighter on May 6, 2017.
             Was the Champion of Hepliaklqana.
             Killed by the air
             ... invoked by a titan
              (29 damage)
             ... on level 5 of the Vaults.
             The game lasted 02:38:12 (49909 turns).

kuniqs the Blocker (Gnoll Fighter)                 Turns: 49909, Time: 02:38:13

Health: -22/143    AC: 23    Str: 24      XL:     22   Next: 48%
Magic:  0/43       EV: 27    Int: 20 (22) God:    Hepliaklqana [******]
Gold:   1239       SH: 21    Dex: 24      Spells: 4/38 levels left

rFire    . . .     SeeInvis .   n - +4 flail of the Thirsty Runes {freeze, rElec Int+6}
rCold    + . .     Gourm    .   s - +2 shield
rNeg     + + .     Faith    .   S - +5 steam dragon scales
rPois    +         Spirit   +   H - +2 hat of the Bear Spirit {Spirit, +Rage rN+ MR++}
rElec    +         Reflect  +   y - +2 cloak
rCorr    .         Harm     .   j - +2 pair of gloves
MR       ++++.                  q - +0 pair of boots
Stlth    +++++.....             h - +4 amulet of reflection
Regen    0.4/turn               p - ring of Ukhloom {MP+9 Int+3 Slay+2}
MPRegen  0.3/turn               G - ring "Doac" {rPois rC+ rN+ MR+ Str+4}

@: mighty, agile
A: short attention span, reduced essence, fangs 1, strong nose
}: 2/15 runes: barnacled, gossamer
a: Recall Ancestor, Ancestor Identity, Transference, Idealise, Renounce
Religion, Evoke Berserk Rage


You were on level 5 of the Vaults.
You worshipped Hepliaklqana.
Hepliaklqana was exalted by your worship.
You were not hungry.

You visited 7 branches of the dungeon, and saw 37 of its levels.
You visited the Abyss 1 time.
You also visited: Ice Cave.

You collected 3891 gold pieces.
You spent 2652 gold pieces at shops.

Inventory:

Hand Weapons
 n - the +4 flail of the Thirsty Runes (weapon) {freeze, rElec Int+6}
   (You found it on level 2 of the Orcish Mines)

   It has been specially enchanted to freeze those struck by it, causing extra
   injury to most foes and up to half again as much damage against particularly
   susceptible opponents.
   It can also slow down cold-blooded creatures.
   It affects your intelligence (+6).
   It insulates you from electricity.
Missiles
 J - 77 javelins (quivered)
 X - 650 arrows
Armour
 j - a +2 pair of gloves (worn)
 q - a +0 pair of boots (worn)
 s - a +2 shield (worn)
 y - a +2 cloak (worn)
 H - the +2 hat of the Bear Spirit (worn) {Spirit, +Rage rN+ MR++}
   (You bought it in a shop on level 2 of the Orcish Mines)

   It protects you from negative energy.
   It affects your resistance to hostile enchantments.
   It lets you go berserk.
 S - +5 steam dragon scales (worn)
Magical Staves
 O - an uncursed staff of wizardry
Jewellery
 h - a +4 amulet of reflection (around neck)
 p - the ring of Ukhloom (left hand) {MP+9 Int+3 Slay+2}
   (You took it off a yaktaur on level 2 of the Vaults)

   [ring of magical power]

   It affects your intelligence (+3).
   It affects your accuracy and damage with ranged weapons and melee attacks
   (+2).
   It affects your magic capacity (+9).
 x - an uncursed ring of protection from fire
 F - an uncursed ring of see invisible
 G - the ring "Doac" (right hand) {rPois rC+ rN+ MR+ Str+4}
   (You bought it in a shop on level 2 of the Shoals)

   [ring of protection from magic]

   It affects your strength (+4).
   It protects you from cold.
   It protects you from poison.
   It protects you from negative energy.
   It affects your resistance to hostile enchantments.
 T - the ring of Deinowim {rPois Int+6}
   (You found it on level 2 of the Shoals)

   [ring of poison resistance]

   It affects your intelligence (+6).
   It protects you from poison.
Wands
 b - a wand of clouds (3/9)
 t - a wand of acid (7/15)
 M - a wand of flame (35/48)
 Q - a wand of paralysis (13/24)
 R - a wand of lightning (5/15)
Scrolls
 c - 9 scrolls of identify {@r1}
 g - 7 scrolls of teleportation
 i - 12 scrolls of remove curse {@r2}
 k - 5 scrolls of recharging
 m - a scroll of enchant armour
 z - 2 scrolls of immolation
 D - a scroll of fear
 U - 5 scrolls of blinking
 Y - 2 scrolls of magic mapping
Potions
 a - 3 potions of agility
 l - 7 potions of haste
 o - 4 potions of heal wounds
 r - 2 potions of brilliance
 w - a potion of resistance
 A - 3 potions of invisibility
 C - 3 potions of ambrosia
 K - a potion of mutation
 L - 9 potions of curing {@q1}
 N - 4 potions of might
 V - 2 potions of cancellation
 W - 3 potions of magic
 Z - 3 potions of flight
Miscellaneous
 B - a lightning rod (2/4)
Comestibles
 d - 17 bread rations
 e - 16 meat rations
 f - 14 fruits
 u - 9 royal jellies


   Skills:
 - Level 10.1 Fighting
   Level 10.0(10.2) Short Blades
   Level 6.8(9.1) Long Blades
 + Level 12.7 Maces & Flails
 - Level 10.1 Throwing
 - Level 11.0 Armour
 - Level 10.8 Dodging
 - Level 8.0 Stealth
 + Level 13.1 Shields
 - Level 8.6 Spellcasting
 - Level 8.2 Conjurations
 - Level 8.2 Hexes
 - Level 8.1 Charms
 - Level 9.6 Necromancy
 - Level 8.5 Transmutations
 - Level 8.5 Fire Magic
 - Level 8.0 Ice Magic
 - Level 8.8 Invocations
 - Level 8.0 Evocations


You had 4 spell levels left.
You knew the following spells:

 Your Spells              Type           Power        Failure   Level  Hunger
a - Dazzling Spray        Conj/Hex       #####.       1%          3    None
b - Sticks to Snakes      Tmut           #####...     1%          2    None
c - Tukima's Dance        Hex            #####...     1%          3    None
d - Irradiate             Conj/Tmut      #####.....   9%          5    #####..
e - Fulminant Prism       Conj/Hex       #####.....   3%          4    ###....
f - Spectral Weapon       Hex/Chrm       #####...     1%          3    None
g - Ozocubu's Armour      Chrm/Ice       #####...     1%          3    None
h - Inner Flame           Hex/Fire       #####...     1%          3    None
i - Regeneration          Chrm/Necr      #####.....   1%          3    None
j - Confuse               Hex            #####...     1%          3    None
x - Song of Slaying       Chrm           #####...     1%          2    None


Dungeon Overview and Level Annotations

Branches:
Dungeon (15/15)            Temple (1/1) D:6            Lair (6/6) D:10
 Shoals (4/4) Lair:2       Spider (4/4) Lair:2        Slime (0/5) Lair:5
    Orc (2/2) D:9             Elf (0/3) Orc:2        Vaults (5/5) D:13
  Crypt (0/3) Vaults:2     Depths (0/5) D:15

Altars:
Ashenzari
Cheibriados
Dithmenos
Elyvilon
Fedhas
Gozag
Hepliaklqana
Kikubaaqudgha
Makhleb
Nemelex Xobeh
Okawaru
Qazlal
Ru
Sif Muna
Trog
Uskayaw
Vehumet
Wu Jian
Xom
Zin
The Shining One
Beogh

Shops:
D:6 *   D:13 (   Orc:1 !   Orc:2 :!?[   Shoals:1 *   Shoals:2 =


Innate Abilities, Weirdness & Mutations

You have a short attention span.
You have very sharp teeth.
Your uncanny sense of smell can sniff out nearby items.
Your life essence is reduced. (-10% HP)


Message History

The stone giant hits murphy!!
You barely miss the titan.
The stone giant looks more healthy.
Murphy hits the stone giant with a lajatang of freezing!!
Murphy freezes the stone giant!
The stone giant dies!
The titan gestures wildly while chanting.
The titan is healed somewhat.
A tengu reaver comes into view. It is wielding a great sword.
You completely miss the titan. You bite the titan!
You block the ettin's attack. x2
The shadow dragon bites murphy but does no damage.
The shadow dragon claws murphy but does no damage.
The shadow dragon claws murphy!
Murphy is destroyed!
The titan hits you!!!
* * * LOW HITPOINT WARNING * * *
Your magical contamination has completely faded away.
The titan waves its arms in wide circles.
The air twists around and strikes you!
You die...

****************#######**********
,,,,,,,,,,,,,,,,.......,,,,,,,,,,
,,,,,,,,,,,,,,,,......c,,,,,,,,,,
*******###*###**cc...cc,,********
,,**,,**)|##!(##c......,,,,,,,***
**,,**,,*#..*#..#**∆,,,*,,,,,,,**
**,,**,.##..##CC###,,,,*,,,**,,,,
,,**,,*#..*#.C##@.#∆,,,*,,****,,,
,,**,,**..##..##D.#,,,,*,,****,,,
**,,**,,*#.D##.D###,,,,*,,,**,,,,
**,,**,,*#..##..###,,,,**,,,,,,,,
,,**,,**..##..##.§#,,,,***,,,,,,,
,,**,,*#Q.##..##..#,,,,***,,***,,
**,,**..##..##§§###,,,,**,,**,**,
**,,**|G*#..##k§###,,,,*,,,*,,,*,
,,**,,**..##pD##§C#,,,,**,,**,**,


You could see a shadow dragon, a titan, a golden dragon and an ettin.

Vanquished Creatures
  An ancient lich (Vaults:5)
  Saint Roka (Vaults:3)
  Nikola (Shoals:1)
  A tentacled starspawn (Abyss:3)
  Polyphemus (Shoals:3)
  2 tengu reavers
  Donald (Spider:1)
  2 fire giants
  A ghost moth (Spider:4)
  2 frost giants
  An orc warlord (D:9)
  6 vault wardens
  Louise (Spider:1)
  An emperor scorpion (Spider:4)
  6 very ugly things
  3 stone giants
  5 ironheart preservers
  An entropy weaver (Lair:5)
  A deep elf demonologist (Vaults:1)
  A deep elf annihilator (Vaults:1)
  A deep elf death mage (Vaults:4)
  An ettin (Vaults:4)
  4 merfolk impalers
  6 merfolk javelineers
  Snorg (D:13)
  4 yaktaur captains
  A great orb of eyes (Vaults:3)
  3 vault guards
  5 hydras
  2 catoblepae
  4 merfolk aquamancers
  2 alligator snapping turtles
  A queen ant (Lair:5)
  3 centaur warriors
  A death knight (Vaults:2)
  A deep troll shaman (Vaults:3)
  8 death yaks
  5 ogre magi
  A satyr (Shoals:2)
  14 two-headed ogres
  A deep troll earth mage (Vaults:3)
  The ghost of graki42 the Slinger, a novice HaHu (D:6)
  2 deep elf knights (Vaults:4)
  6 skeletal warriors
  6 sea snakes
  A glowing orange brain (shapeshifter) (Vaults:5)
  A swamp dragon (shapeshifter) (Vaults:5)
  3 deep elf archers
  3 deep trolls (Vaults:3)
  A necromancer (Vaults:1)
  6 ironbrand convokers
  5 orc knights
  2 harpies
  13 deep elf magi
  7 orb spiders
  An oklob plant (Orc:2)
  7 ugly things
  A mana viper (shapeshifter) (D:15)
  14 wolf spiders
  3 cyclopes
  A moth of wrath (Spider:3)
  6 orc sorcerers
  11 manticores
  8 elephants
  5 fauns (Shoals:2)
  4 merfolk sirens
  4 black mambas
  An ice statue (IceCv)
  A torpor snail (Lair:6)
  5 vault sentinels
  3 water nymphs
  6 spiny frogs
  4 komodo dragons
  3 rime drakes (D:14)
  22 yaktaurs
  A freezing wraith (Vaults:2)
  9 demonic crawlers
  A yaktaur (shapeshifter) (Vaults:1)
  A tengu conjurer (D:15)
  2 trolls (Orc:2)
  11 polar bears
  9 merfolk
  5 hornets
  A queen bee (shapeshifter) (Vaults:2)
  15 jumping spiders
  2 dream sheep (Lair:6)
  10 slime creatures
  A hippogriff (shapeshifter) (Vaults:2)
  A snapping turtle (Shoals:4)
  A blink frog (shapeshifter) (Vaults:3)
  2 wind drakes
  13 hippogriffs
  3 blink frogs (Lair:6)
  38 redbacks
  A spriggan (shapeshifter) (Vaults:3)
  A redback (shapeshifter) (Vaults:3)
  10 wyverns
  A ynoxinul (Abyss:3)
  4 water elementals
  2 battlemagi
  4 basilisks
  3 wraiths
  12 tarantellas
  Eustachio (D:6)
  A fire bat (Lair:4)
  27 yaks
  2 small abominations (Abyss:3)
  A steam dragon (D:10)
  Menkaure (D:6)
  A hungry ghost (D:11)
  13 soldier ants
  A warg (Orc:2)
  5 water moccasins
  4 porcupines
  A hell hound (D:14)
  Purgy (D:3)
  20 orc warriors
  2 sky beasts (D:5)
  3 ice beasts
  A necrophage (D:12)
  A black bear (D:9)
  24 ogres
  2 phantoms
  4 boggarts
  7 centaurs
  10 wolves
  An orc skeleton (Vaults:1)
  4 crocodiles
  A human skeleton (Vaults:1)
  A big kobold (D:8)
  A gnoll sergeant (D:8)
  10 bullfrogs
  5 scorpions
  An orc simulacrum (Vaults:1)
  13 killer bees
  12 wights
  6 howler monkeys
  2 electric eels (D:9)
  2 lava snakes
  4 crimson imps
  A bullfrog zombie (D:12)
  5 hounds
  14 jellies
  Crazy Yiuf (D:6)
  14 orc priests
  2 centaur skeletons
  17 orc wizards
  Jessica (D:3)
  A bullfrog skeleton (D:5)
  5 iguanas
  21 worker ants
  A hound zombie (D:13)
  A hound skeleton (D:4)
  13 gnolls
  6 adders
  3 shadow imps
  4 white imps (Lair:2)
  An ufetubus (Abyss:3)
  3 oozes
  An adder skeleton (D:9)
  4 worms
  2 dart slugs (D:2)
  2 adder simulacra (D:9)
  8 leopard geckos
  65 orcs
  4 giant cockroaches
  6 goblins
  5 hobgoblins
  3 jackals
  2 quokkas
  2 ball pythons
  13 bats
  4 frilled lizards
  6 kobolds
  8 rats
  A fungus (Lair:6)
885 creatures vanquished.

Vanquished Creatures (collateral kills)
  Arachne (Spider:4)
  A tentacled monstrosity (Vaults:2)
  A lich (Vaults:3)
  A sphinx (Vaults:3)
  2 tentacled starspawn (Abyss:3)
  Gastronok (Orc:1)
  A storm dragon (Vaults:4)
  Kirke (D:14)
  Ilsuiw (Shoals:4)
  Agnes (Spider:1)
  2 fire giants (Vaults:2)
  Roxanne (Shoals:1)
  2 vault wardens (Vaults:1)
  An emperor scorpion (Spider:4)
  3 frost giants
  3 ghost moths
  A deep elf sorcerer (Vaults:1)
  7 ironheart preservers
  4 very ugly things
  3 stone giants
  The ghost of alfred1011 the Severer, a journeyman MiBe of Trog (D:14)
  6 entropy weavers
  2 deep elf demonologists
  A vampire knight (Vaults:2)
  A dire elephant (Lair:6)
  2 spark wasps (Spider:4)
  3 merfolk javelineers
  4 merfolk impalers (Shoals:4)
  3 ettins
  Josephine (Lair:3)
  2 deep elf death magi
  A fire dragon (Vaults:2)
  2 great orbs of eyes
  4 yaktaur captains
  6 ogre magi
  3 hydras
  3 vault guards
  A death knight (Vaults:2)
  2 catoblepae
  Erica (Orc:1)
  4 merfolk avatars
  A centaur warrior (D:14)
  2 merfolk aquamancers (Shoals:4)
  17 two-headed ogres
  5 death yaks
  2 alligator snapping turtles
  3 deep troll earth magi
  A vampire mage (Vaults:2)
  A sun demon (Abyss:3)
  Nergalle (Lair:1)
  10 deep elf knights
  9 skeletal warriors
  11 sea snakes
  A glowing orange brain (Vaults:3)
  A swamp dragon (D:14)
  An unseen horror (Vaults:1)
  5 deep elf archers
  A deep troll (Vaults:3)
  A wizard (D:11)
  4 harpies
  4 ironbrand convokers
  9 orc knights
  13 orb spiders
  4 deep elf magi
  14 ugly things
  6 orc sorcerers
  13 wolf spiders
  A cyclops (Vaults:1)
  11 manticores
  A faun (Shoals:2)
  A salamander (D:15)
  2 moths of wrath (Spider:4)
  6 elephants (Lair:6)
  3 black mambas
  7 merfolk sirens
  6 water nymphs
  A black mamba (shapeshifter) (Vaults:3)
  2 torpor snails (Spider:4)
  5 vault sentinels
  Psyche (D:10)
  An apocalypse crab (Abyss:3)
  8 spiny frogs
  8 demonic crawlers
  A gargoyle (D:11)
  A kobold demonologist (D:11)
  2 rime drakes
  An efreet (Abyss:3)
  2 komodo dragons (Lair:5)
  19 yaktaurs
  3 trolls
  32 jumping spiders
  4 freezing wraiths
  A troll (shapeshifter) (Vaults:4)
  15 merfolk
  4 wind drakes
  A jumping spider (shapeshifter) (Vaults:4)
  7 polar bears
  A harpy zombie (D:15)
  4 hornets
  A raiju (Abyss:3)
  5 hippogriffs
  12 slime creatures
  10 snapping turtles
  3 dream sheep
  5 blink frogs
  45 redbacks
  10 tarantellas
  4 water elementals
  A shadow (D:13)
  A tarantella (shapeshifter) (D:14)
  6 wyverns
  28 yaks
  A steam dragon (D:9)
  3 wraiths
  5 basilisks
  A hungry ghost (D:9)
  3 fire bats (Lair:4)
  5 wargs
  13 soldier ants (Lair:5)
  An acid dragon (D:14)
  A soldier ant (shapeshifter) (Vaults:1)
  8 water moccasins
  2 hell hounds (D:14)
  3 porcupines
  21 orc warriors
  A sky beast (D:12)
  2 phantoms
  6 ice beasts
  A human zombie (Vaults:1)
  16 ogres
  16 centaurs
  3 necrophages
  17 wolves
  3 boggarts (Vaults:3)
  An orc skeleton (Vaults:1)
  6 crocodiles
  4 bullfrogs
  A wyvern zombie (D:12)
  A wyvern skeleton (D:14)
  3 wights
  An elf simulacrum (Vaults:2)
  A killer bee (D:11)
  4 electric eels
  4 howler monkeys
  A quasit (D:9)
  3 hounds
  2 bullfrog skeletons
  6 jellies
  A small abomination (Abyss:3)
  7 orc priests
  6 centaur skeletons
  24 orc wizards
  4 hell rats (Lair:2)
  9 worker ants
  A bullfrog simulacrum (D:9)
  A howler monkey skeleton (D:10)
  A gnoll (D:8)
  2 shadow imps
  8 white imps (Lair:2)
  An ufetubus (D:9)
  An adder zombie (D:6)
  37 orcs
  A kobold (D:8)
  2 butterflies (Lair:1)
  A fire vortex (Lair:4)
  A fungus (Lair:5)
  4 plants
  2 starspawn tentacles (Abyss:3)
808 creatures vanquished.

Vanquished Creatures (others)
  Asterion (Vaults:1)
  A stone giant (Vaults:2)
  3 merfolk javelineers (Shoals:4)
  A yaktaur captain (Vaults:2)
  A centaur warrior (Vaults:2)
  A wolf spider (Spider:2)
  2 cyclopes
  A faun (Shoals:2)
  A centaur zombie (D:14)
  4 yaktaurs
  A merfolk (Shoals:3)
  A human (D:14)
  A yak (D:14)
  An orc warrior (Vaults:3)
  4 centaurs
  2 orc wizards
  68 battlemagi
  7 ancestors
  An orc (D:9)
  A goblin (D:9)
  A jackal (D:9)
  A bush (Lair:2)
  25 fungi
  23 plants
  A spectral weapon (Vaults:1)
  5 starspawn tentacles (Abyss:3)
159 creatures vanquished.

Grand Total: 1852 creatures vanquished

Notes
Turn   | Place    | Note
-------+----------+-------------------------------------------
     0 | D:1      | kuniqs the Gnoll Fighter began the quest for the Orb.
     0 | D:1      | Reached XP level 1. HP: 20/20 MP: 1/1
    53 | D:1      | Reached skill level 5 in Armour
    53 | D:1      | Reached XP level 2. HP: 26/26 MP: 2/2
    91 | D:1      | Reached skill level 5 in Shields
    94 | D:1      | Reached skill level 5 in Fighting
   210 | D:1      | Reached skill level 1 in Dodging
   455 | D:2      | Reached XP level 3. HP: 33/33 MP: 3/3
   708 | D:2      | Reached XP level 4. HP: 26/39 MP: 4/4
   714 | D:2      | Reached skill level 6 in Shields
  1195 | D:3      | Found a snail-covered altar of Cheibriados.
  1409 | D:3      | Found an ornate altar of the Wu Jian Council.
  1487 | D:3      | Reached skill level 1 in Stealth
  1516 | D:3      | Noticed Purgy
  1530 | D:3      | Killed Purgy
  1530 | D:3      | Reached XP level 5. HP: 38/46 MP: 5/5
  1586 | D:3      | Noticed Jessica
  1588 | D:3      | Killed Jessica
  1588 | D:3      | Reached skill level 5 in Short Blades
  1588 | D:3      | Reached XP level 6. HP: 51/52 MP: 6/6
  2398 | D:4      | Found a stormy altar of Qazlal.
  2610 | D:4      | Reached XP level 7. HP: 59/59 MP: 7/7
  2654 | D:5      | Entered Level 5 of the Dungeon
  3087 | D:5      | Found a glowing silver altar of Zin.
  3156 | D:5      | Found a glowing golden altar of the Shining One.
  3341 | D:5      | Reached skill level 7 in Shields
  3394 | D:6      | Found a staircase to the Ecumenical Temple.
  3399 | D:6      | Reached XP level 8. HP: 63/67 MP: 8/8
  3413 | Temple   | Entered the Ecumenical Temple
  3475 | Temple   | Became a worshipper of Hepliaklqana the Forgotten
  3513 | D:6      | Reached skill level 5 in Dodging
  3564 | D:6      | Found Qygrone's General Store.
  3588 | D:6      | Reached skill level 5 in Stealth
  3788 | D:6      | Bought a scroll of remove curse for 39 gold pieces
  3788 | D:6      | Bought a scroll of teleportation for 39 gold pieces
  3804 | D:6      | Noticed Eustachio
  3822 | D:6      | Killed Eustachio
  3849 | D:6      | Noticed Menkaure
  3862 | D:6      | Killed Menkaure
  3935 | D:6      | Noticed graki42's ghost (novice HaHu)
  3997 | D:6      | Killed graki42's ghost
  3997 | D:6      | Reached skill level 8 in Shields
  3997 | D:6      | Reached XP level 9. HP: 55/66 MP: 9/9
  4235 | D:6      | Found a runed door.
  4240 | D:6      | Noticed Crazy Yiuf
  4244 | D:6      | Killed Crazy Yiuf
  4829 | D:7      | Learned a level 3 spell: Dazzling Spray
  5037 | D:7      | Found a shadowy altar of Dithmenos.
  5162 | D:7      | Reached skill level 1 in Spellcasting
  5184 | D:7      | Reached * piety under Hepliaklqana
  5632 | D:8      | Learned a level 2 spell: Sticks to Snakes
  5665 | D:8      | Reached skill level 1 in Hexes
  5684 | D:8      | Found a shattered altar of Ashenzari.
  5749 | D:8      | Reached XP level 10. HP: 67/72 MP: 13/13
  5842 | D:8      | Reached skill level 1 in Invocations
  5859 | D:8      | Reached skill level 1 in Conjurations
  5994 | D:8      | Reached skill level 1 in Evocations
  7084 | D:9      | Noticed a death yak
  7110 | D:9      | Killed a death yak
  7422 | D:9      | Reached skill level 1 in Transmutations
  7436 | D:9      | Reached XP level 11. HP: 76/78 MP: 17/17
  8384 | D:9      | Reached skill level 5 in Invocations
  8685 | D:9      | Found a staircase to the Orcish Mines.
  9052 | D:9      | Reached skill level 5 in Evocations
  9064 | D:9      | Reached skill level 5 in Hexes
  9498 | D:9      | Found a bloodstained altar of Trog.
  9556 | D:10     | Entered Level 10 of the Dungeon
  9697 | D:10     | Reached ** piety under Hepliaklqana
  9698 | D:10     | Remembered your ancestor murphy as a battlemage
  9882 | D:10     | Noticed a death yak
  9894 | D:10     | Noticed a death yak
  9897 | D:10     | Noticed a death yak
  9925 | D:10     | Killed a death yak
  9925 | D:10     | Reached skill level 5 in Conjurations
  9966 | D:10     | Killed a death yak
  9972 | D:10     | Killed a death yak
  9972 | D:10     | Reached skill level 5 in Spellcasting
 10287 | D:10     | Found a staircase to the Lair.
 10559 | D:10     | Noticed Psyche
 10568 | D:10     | Killed Psyche
 10728 | D:10     | Reached skill level 9 in Shields
 11140 | D:10     | Reached XP level 12. HP: 85/85 MP: 20/20
 11199 | Lair:1   | Entered Level 1 of the Lair of Beasts
 11346 | Lair:1   | Reached skill level 5 in Transmutations
 11459 | Lair:1   | Noticed Nergalle
 11476 | Lair:1   | Killed Nergalle
 12276 | Lair:2   | Found a hole to the Spider Nest.
 12276 | Lair:2   | Reached *** piety under Hepliaklqana
 12276 | Lair:2   | Found a staircase to the Shoals.
 12286 | Lair:2   | Noticed an eight-headed hydra
 12299 | Lair:2   | Killed an eight-headed hydra
 12464 | Lair:2   | Found a frozen archway.
 12578 | IceCv    | Entered an ice cave
 12989 | IceCv    | Noticed a white draconian
 13222 | IceCv    | Noticed a catoblepas
 13222 | IceCv    | a white draconian changed into a catoblepas
 13750 | IceCv    | Reached XP level 13. HP: 86/90 MP: 24/24
 14096 | IceCv    | Got a crude hat
 14107 | IceCv    | Identified the +2 hat of Beauty {SInv} (You found it in an ice cave)
 14769 | Lair:2   | Reached **** piety under Hepliaklqana
 16055 | Lair:4   | Noticed Josephine
 16067 | Lair:3   | Killed Josephine
 16209 | Lair:4   | Reached ***** piety under Hepliaklqana
 17071 | Lair:5   | Got a flickering pewter ring
 17072 | Lair:5   | Identified the ring "Suczauq" {Str+5 Dex+3} (You found it on level 5 of the Lair of Beasts)
 17162 | Lair:6   | Entered Level 6 of the Lair of Beasts
 17540 | Lair:5   | Found a staircase to the Slime Pits.
 17977 | Lair:5   | Noticed an entropy weaver
 18003 | Lair:5   | Killed an entropy weaver
 18003 | Lair:5   | Reached XP level 14. HP: 95/97 MP: 26/26
 18096 | Lair:5   | Noticed an entropy weaver
 19715 | Lair:5   | Reached skill level 10 in Armour
 20311 | Lair:6   | Learned a level 3 spell: Tukima's Dance
 20663 | Lair:6   | Reached skill level 10 in Fighting
 20874 | Lair:6   | Reached skill level 10 in Shields
 21039 | Lair:6   | Noticed a dire elephant
 21051 | Lair:6   | Reached skill level 10 in Short Blades
 21228 | Lair:6   | Reached XP level 15. HP: 97/103 MP: 27/27
 21591 | Orc:1    | Entered Level 1 of the Orcish Mines
 21697 | Orc:1    | Noticed Erica
 21703 | Orc:1    | Killed Erica
 21767 | Orc:1    | Noticed Gastronok
 21810 | Orc:1    | Reached skill level 1 in Long Blades
 21839 | Orc:1    | Noticed an orc warlord
 21939 | D:9      | Killed an orc warlord
 21939 | D:9      | Reached skill level 10 in Dodging
 22026 | Orc:1    | Found Xazoedil's Distillery.
 22448 | Orc:1    | Killed Gastronok
 22618 | Orc:2    | Entered Level 2 of the Orcish Mines
 22629 | Orc:2    | Found a roughly hewn altar of Beogh.
 22901 | Orc:2    | Reached skill level 5 in Long Blades
 22921 | Orc:2    | Found a staircase to the Elven Halls.
 23128 | Orc:2    | Reached ****** piety under Hepliaklqana
 23164 | Orc:2    | Found Utukiph's Book Shoppe.
 23205 | Orc:2    | Found Vabrim's Distillery.
 23249 | Orc:2    | Found a radiant altar of Vehumet.
 23347 | Orc:2    | Found Plog's Magic Scroll Emporium.
 23375 | Orc:2    | Paralysed by an orc sorcerer for 2 turns
 23405 | Orc:2    | Found an ancient bone altar of Kikubaaqudgha.
 23696 | Orc:2    | Found a roughly hewn altar of Beogh.
 23706 | Orc:2    | Paralysed by an orc sorcerer for 7 turns
 24052 | Orc:2    | Found Queppoef's Antique Armour Shoppe.
 24069 | Orc:2    | Bought the +2 hat of the Bear Spirit {Spirit, +Rage rN+ MR++} for 1016 gold pieces
 24069 | Orc:2    | Bought a dazzling scale mail for 234 gold pieces
 24079 | Orc:2    | Identified the +5 scale mail of Moid {rPois MR+ rCorr Dex-5} (You bought it in a shop on level 2 of the Orcish Mines)
 24445 | Orc:2    | Identified the +4 flail of the Thirsty Runes {freeze, rElec Int+6} (You found it on level 2 of the Orcish Mines)
 24673 | D:11     | Reached skill level 1 in Maces & Flails
 24817 | D:11     | Got a transparent marble ring
 24824 | D:11     | Identified the ring "Ypleul" {+Fly rPois MR- Dex+2} (You found it on level 11 of the Dungeon)
 24864 | D:11     | Found a burning altar of Makhleb.
 25491 | D:11     | Identified the +6 trident "Xoteilu" {pierce, rElec rN++} (You found it on level 11 of the Dungeon)
 25508 | D:11     | Learned a level 5 spell: Irradiate
 25513 | D:11     | Learned a level 4 spell: Fulminant Prism
 26316 | D:12     | Reached skill level 5 in Maces & Flails
 26791 | D:13     | Found a gate to the Vaults.
 26944 | D:13     | Reached XP level 16. HP: 104/109 MP: 26/28
 27027 | D:13     | Noticed Snorg
 27041 | D:13     | Killed Snorg
 27417 | D:13     | Found Omynlesk's Antique Weapon Shoppe.
 27494 | D:13     | Found a sparkling altar of Nemelex Xobeh.
 27864 | D:14     | Noticed alfred1011's ghost (journeyman MiBe)
 27885 | D:14     | Killed alfred1011's ghost
 27908 | D:14     | Learned a level 2 spell: Song of Slaying
 27912 | D:14     | Learned a level 3 spell: Spectral Weapon
 28105 | D:14     | Reached skill level 1 in Charms
 28544 | D:14     | Noticed Nessos
 28547 | D:14     | Noticed Nessos
 28547 | D:14     | Nessos changed into Nessos the swamp dragon
 28550 | D:14     | Killed Nessos the swamp dragon
 28621 | D:14     | Noticed Kirke
 28627 | D:14     | Killed Kirke
 28855 | D:15     | Entered Level 15 of the Dungeon
 28943 | D:15     | Reached skill level 5 in Charms
 29110 | D:15     | Found a staircase to the Depths.
 30237 | Shoals:1 | Entered Level 1 of the Shoals
 30237 | Shoals:1 | Noticed Roxanne
 30452 | Shoals:1 | Killed Roxanne
 31120 | Shoals:1 | Found Jeps's General Store.
 31138 | Shoals:1 | Reached skill level 1 in Throwing
 31362 | Shoals:1 | Reached XP level 17. HP: 105/115 MP: 26/29
 31485 | Shoals:1 | Noticed Nikola
 31501 | Shoals:1 | Killed Nikola
 32657 | Shoals:2 | Reached skill level 5 in Throwing
 32659 | Shoals:2 | Found Veuxir's Jewellery Emporium.
 32697 | Shoals:2 | Bought the ring "Doac" {rPois rC+ rN+ MR+ Str+4} for 892 gold pieces
 32704 | Shoals:2 | Bought a +4 amulet of reflection for 432 gold pieces
 32790 | Shoals:2 | Learned a level 3 spell: Ozocubu's Armour
 32821 | Shoals:2 | Reached skill level 1 in Ice Magic
 33120 | Shoals:2 | Identified the ring of Deinowim {rPois Int+6} (You found it on level 2 of the Shoals)
 33561 | Shoals:2 | Reached skill level 11 in Shields
 33603 | Shoals:2 | Cast into level 3 of the Abyss (merfolk javelineer)
 33644 | Abyss:3  | Noticed a tentacled starspawn
 33655 | Abyss:3  | Killed a tentacled starspawn
 33694 | Abyss:3  | Reached skill level 5 in Ice Magic
 33780 | Abyss:3  | Noticed a tentacled starspawn
 33787 | Abyss:3  | Killed a tentacled starspawn
 33827 | Abyss:3  | Noticed a tentacled starspawn
 33834 | Abyss:3  | Killed a tentacled starspawn
 33930 | Abyss:3  | Reached skill level 10 in Maces & Flails
 33970 | Shoals:2 | Escaped the Abyss
 34595 | Shoals:3 | Learned a level 3 spell: Inner Flame
 34614 | Shoals:3 | Noticed Polyphemus
 34691 | Shoals:3 | Killed Polyphemus
 35353 | Shoals:3 | Reached XP level 18. HP: 113/120 MP: 25/30
 35779 | Shoals:4 | Entered Level 4 of the Shoals
 35779 | Shoals:4 | Found a glowing silver altar of Zin.
 35838 | Shoals:4 | Noticed Ilsuiw
 35855 | Shoals:4 | Killed Ilsuiw
 36512 | Shoals:4 | Reached skill level 1 in Fire Magic
 36541 | Shoals:4 | Got a barnacled rune of Zot
 37599 | Shoals:4 | Reached skill level 5 in Fire Magic
 37914 | Spider:1 | Entered Level 1 of the Spider Nest
 37914 | Spider:1 | Noticed Agnes
 37926 | Spider:1 | Killed Agnes
 38069 | D:14     | Learned a level 3 spell: Regeneration
 38410 | Spider:1 | Reached skill level 1 in Necromancy
 38580 | Spider:1 | Noticed Donald
 38837 | Spider:1 | Noticed Louise
 38852 | Spider:1 | Killed Louise
 39941 | Spider:3 | Reached XP level 19. HP: 126/126 MP: 31/31
 39945 | Spider:3 | Reached skill level 5 in Necromancy
 40779 | Spider:4 | Entered Level 4 of the Spider Nest
 41858 | Spider:4 | Reached skill level 10 in Throwing
 41901 | Spider:4 | Noticed Arachne
 41910 | Spider:4 | Killed Arachne
 42156 | Spider:4 | Got a gossamer rune of Zot
 42196 | Spider:4 | Learned a level 3 spell: Confuse
 42769 | Spider:1 | Killed Donald
 43017 | Vaults:1 | Entered Level 1 of the Vaults
 43255 | Vaults:1 | Noticed Asterion
 43340 | Vaults:1 | Killed Asterion
 43649 | Vaults:1 | Reached XP level 20. HP: 109/132 MP: 27/32
 43874 | Vaults:1 | Reached skill level 12 in Shields
 44999 | Vaults:2 | Identified the ring of Ukhloom {MP+9 Int+3 Slay+2} (You took it off a yaktaur on level 2 of the Vaults)
 45194 | Vaults:2 | Found a staircase to the Crypt.
 46167 | Vaults:2 | Reached XP level 21. HP: 87/137 MP: 31/33
 47277 | Vaults:3 | Noticed Saint Roka
 47293 | Vaults:3 | Killed Saint Roka
 48724 | Vaults:4 | Reached XP level 22. HP: 119/143 MP: 34/34
 48814 | Vaults:4 | Reached skill level 13 in Shields
 49840 | Vaults:5 | Entered Level 5 of the Vaults
 49842 | Vaults:5 | Noticed a golden dragon
 49848 | Vaults:5 | Noticed an ancient lich
 49869 | Vaults:5 | Killed an ancient lich
 49908 | Vaults:5 | HP: 7/143 [titan (41)]
 49909 | Vaults:5 | Killed from afar by a titan

Vault maps used:
D:1:      dpeg_arrival_simpleton_c
D:2:      minmay_misc_feat_tower
D:3:      lemuel_crystal_altar, lemuel_doored_altar, first_bread, uniq_purgy,
          uniq_jessica
D:4:      kennysheep_mini
D:5:      old_standard_altar, tso_altar
D:6:      minmay_temple_entry_butterflies, serial_shops, shop,
          minmay_stone_trees_small, uniq_eustachio, uniq_crazy_yiuf_cottage,
          uniq_menkaure
D:7:      grunt_dithmenos_smoke_and_mirrors, serial_co_window_serial,
          co_window_corner_a, co_window_paths_b, co_window_paths_b,
          co_window_paths_b, co_window_paths_b, co_window_paths_b,
          co_window_paths_c, co_window_cross_4, co_window_broadway_a,
          glass_columns_c, glass_columns_a
D:8:      hangedman_pestilent_swarm, cheibrodos_ashenzari_chains
D:9:      lemuel_coloured_pillars_altar, erik_orc_3, serial_ice, serial_ice_m,
          serial_ice_f, serial_ice_j, serial_ice_n, kennysheep_generic_room_5
D:10:     dpeg_lair_monsters, kennysheep_opposing_triangles, uniq_psyche
D:11:     basic_altar
D:12:     serial_co_window_serial, co_window_paths_b, co_window_paths_b,
          co_window_of_opportunity_a, co_window_paths_a, co_window_paths_b,
          co_window_corner_a, co_window_paths_a, co_window_of_opportunity_c,
          co_window_of_opportunity_c, co_window_unsneaky_path_c,
          co_window_of_opportunity_c, co_window_broadway_b, co_window_cross_3,
          co_window_4corner_a, co_window_paths_e, minmay_crystal_room
D:13:     lightli_vaults_fourway_checkpoint, serial_shops, shop_fountains,
          nemelex_diamond_rough_becter, uniq_snorg
D:14:     uniq_kirke, uniq_nessos
D:15:     hangedman_depths_entry_try_elsewhere_first,
          hangedman_abyss_or_decor_stabs, minmay_parallelograms
Temple:   regret_index_temple_waves
Lair:1:   serial_bayou_pond_c, st_stairs_4, lemuel_fruit_fields, uniq_nergalle
Lair:2:   cheibrodos_lair_river_kwai, shoals_dummy_entry, dummy_spider_entry,
          portal_ice_cave_entry_imps, st_stairs_13
Lair:3:   infiniplex_staircase_pool_2
Lair:4:   serial_bayou_pond_e, uniq_josephine
Lair:5:   minmay_slime_entry_jelly_boxes, minivault_29
Lair:6:   hangedman_lair_in_review, columned_hall_lemuel, grunt_megastairs_5
Shoals:1: serial_shops, nicolae_shop_crystal, uniq_roxanne, uniq_nikola
Shoals:2: cheibrodos_shoals_epimethial_gifts, serial_shops, shop
Shoals:3: uniq_polyphemus
Shoals:4: shoals_end_simple, shoals_ilsuiw_alternative, lemuel_centaur_altar
Spider:1: spider_trap, uniq_donald, uniq_agnes, uniq_louise
Spider:3: nicolae_spider_cling_ruins
Spider:4: johnstein_spider_rune_arachne_lair, uniq_arachne
Orc:1:    serial_shops, shop, uniq_gastronok, uniq_erica
Orc:2:    kennysheep_orc_mage_school, basic_altar, mines3_lemuel
Vaults:1: nicolae_vaults_windows_and_doors_thing, vaults_room_large_hall,
          vaults_room_grid, vaults_dpeg_ring, v_misc_27, vaults_room_grid,
          vaults_room_pool, v_misc_1, ontoclasm_vaults_pinch,
          vaults_room_corners, ontoclasm_vaults_chip, uniq_asterion
Vaults:2: v_alt_pattern_3, ontoclasm_vaults_ligature,
          minmay_guarded_unrand_secular_launcher, nicolae_vaults_big_ls,
          nicolae_vaults_yaktaur_gun_rack, nicolae_vaults_triangles,
          blue_anna_dwarven_crypt, vaults_dpeg_diagonal, v_misc_27,
          vaults_room_corners
Vaults:3: hangedman_vaults_restitches, nicolae_vaults_network_square,
          grunt_vaults_hallway_long, serial_ice_m, vaults_room_fours,
          v_pattern_4, ontoclasm_vaults_bender, nicolae_vaults_what_the_h,
          ontoclasm_vaults_spin, v_misc_13, ontoclasm_vaults_misaligned,
          uniq_saint_roka
Vaults:4: ontoclasm_vaults_ring_square, v_misc_3, v_misc_26, st_spiral_rooms,
          vaults_standard_mumra_lines, vaults_dpeg_encased_lava,
          ontoclasm_vaults_loading_screen, ontoclasm_vaults_eye,
          vaults_room_semicircle, ontoclasm_vaults_ring_small,
          vaults_room_hallway
IceCv:    ice_cave_small_giant

Skill      XL: |  1  2  3  4  5  6  7  8  9 10 11 12 13 14 15 16 17 18 19 20 21 22 |
---------------+-------------------------------------------------------------------+-----
Armour         | 5 6 7 8 9 10 11 | 11.0
Shields        | 5 6 7 8 9 10 11 12 13 | 13.1
Fighting       | 5 6 7 8 9 10 | 10.1
Dodging        | 1 3 4 6 7 8 9 10 | 10.8
Short Blades   | 4 5 6 7 8 9 10 | 10.0
Stealth        | 2 3 4 6 7 8 |  8.0
Spellcasting   | 2 4 5 7 8 |  8.6
Hexes          | 1 3 6 7 8 |  8.2
Invocations    | 4 6 7 8 |  8.8
Conjurations   | 3 6 7 8 |  8.2
Evocations     | 4 6 7 8 |  8.0
Transmutations | 1 4 6 7 8 |  8.5
Long Blades    | 6 |  6.8
Maces & Flails | 5 9 10 11 12 | 12.7
Charms         | 7 8 |  8.1
Throwing       | 2 8 9 10 | 10.1
Ice Magic      | 7 8 |  8.0
Fire Magic     | 7 8 |  8.5
Necromancy     | 4 8 9 |  9.6

Action                   |  1- 3 |  4- 6 |  7- 9 | 10-12 | 13-15 | 16-18 | 19-21 | 22-24 || total
-------------------------+-------+-------+-------+-------+-------+-------+-------+-------++-------
Melee: Rapier            |    44 |       |       |       |       |       |       |       ||    44
       Short sword       |    52 |   145 |   334 |   744 |   989 |       |       |       ||  2264
       Bite              |     9 |    20 |    43 |   132 |   319 |   298 |   267 |    34 ||  1122
       Dagger            |       |     3 |    72 |   257 |   185 |       |       |       ||   517
       Flail             |       |       |       |       |   271 |  1385 |  1360 |   216 ||  3232
       Scimitar          |       |       |       |       |    26 |       |       |       ||    26
Throw: Javelin           |       |       |       |       |       |    25 |     4 |       ||    29
       Tomahawk          |       |       |       |       |       |     6 |       |       ||     6
 Cast: Dazzling Spray    |       |       |       |     9 |       |       |       |       ||     9
       Irradiate         |       |       |       |       |     1 |     1 |       |       ||     2
       Spectral Weapon   |       |       |       |       |       |     3 |     1 |       ||     4
       Song of Slaying   |       |       |       |       |       |     1 |       |       ||     1
       Ozocubu's Armour  |       |       |       |       |       |    25 |    21 |     2 ||    48
       Regeneration      |       |       |       |       |       |    14 |    56 |    11 ||    81
       Sticks to Snakes  |       |       |       |       |       |     3 |    24 |       ||    27
Invok: Ancestor Identity |       |       |     2 |       |       |       |       |       ||     2
       Recall Ancestor   |       |       |     1 |     6 |    12 |     3 |    13 |     6 ||    41
       Ancestor Life: Ba |       |       |       |     1 |       |       |       |       ||     1
       Idealise          |       |       |       |       |       |     3 |     1 |     3 ||     7
 Abil: Evoke Berserk Rag |       |       |       |       |       |     1 |     5 |       ||     6
Evoke: Wand              |       |       |       |    11 |    12 |     9 |     9 |       ||    41
       Lightning rod     |       |       |       |       |       |       |     8 |     2 ||    10
  Use: Potion            |       |     2 |     1 |     3 |     4 |     5 |     2 |     5 ||    22
       Scroll            |       |       |       |     2 |    26 |    11 |    15 |     4 ||    58
 Stab: Sleeping          |       |       |     6 |    10 |    29 |    14 |    17 |     2 ||    78
       Distracted        |       |       |     3 |    15 |    29 |    26 |    37 |     3 ||   113
       Invisible         |       |       |       |     4 |       |       |       |       ||     4
       Paralysed         |       |       |       |       |     1 |       |       |       ||     1
       Petrified         |       |       |       |       |     6 |     3 |       |       ||     9
       Petrifying        |       |       |       |       |     1 |       |       |       ||     1
  Eat: Chunk             |       |     6 |    10 |    30 |    37 |    43 |    34 |     5 ||   165
       Royal jelly       |       |       |       |       |     3 |     2 |     2 |       ||     7
Armor: Scale mail        |    44 |    40 |    92 |       |       |       |       |       ||   176
       Ring mail         |       |       |    15 |   113 |       |       |       |       ||   128
       Steam dragon scal |       |       |       |    87 |   323 |   319 |   303 |    34 ||  1066
Dodge: Dodged            |    36 |    41 |   119 |   414 |   698 |   773 |   750 |   108 ||  2939
Block: Shield            |    63 |    67 |   149 |   454 |   760 |  1000 |  1195 |   170 ||  3858
       Reflection        |       |       |       |       |       |    59 |    70 |    17 ||   146
       Rpst.: Scimitar   |       |       |       |       |     4 |       |       |       ||     4
